Map: Ruins of Seras

Players

Satu

  • Race: Zerg Zerg
  • League: Master

Ailee (Azure) - Winner!

  • Race: Terran Terran
  • League: Master

VOD

Have the link to the VOD?

Description

Time

  • Played on: Nov. 16, 2015, 1:33 a.m.
  • Length: 24:58
Show
View Real Time Build Order
Export as new Build Order

Satu Zerg 

Build Orders: Hatch First 

Get SALT Encoding   

  12  0:00  Drone  
  13  0:13  Overlord  
  13  0:18  Drone  
  14  0:31  Drone x2  
  14  0:35  Drone  
  17  0:46  Drone  
  18  0:57  Hatchery  
  18  1:01  Drone  
  18  1:12  Extractor  
  18  1:15  Spawning Pool  
  17  1:18  Drone  
  17  1:28  Drone x2  
  19  1:40  Drone  
  20  1:57  Overlord  
  20  2:01  Queen  
  22  2:09  Queen  
  22  2:14  Metabolic Boost  
  24  2:24  Hatchery  
  24  2:26  Zergling x2  
  24  2:29  Zergling x2  
  25  2:34  Drone  
  26  2:40  Drone x3  
  26  2:44  Drone  
  30  2:50  Drone  
  31  2:51  Overlord  
  31  3:03  Drone x3  
  33  3:09  Overlord  
  33  3:16  Queen  
  33  3:19  Drone x4  
  39  3:24  Zergling x4  
  41  3:38  Drone x2  
  41  3:39  Drone x3  
  41  3:40  Queen  
  47  3:44  Zergling x4  
  49  3:54  Extractor  
  49  3:55  Extractor  
  47  3:56  Overlord  
  47  3:58  Drone x6  
  52  4:10  Drone x3  
  55  4:18  Zergling x10  
  55  4:23  Drone  
  61  4:25  Roach Warren  
  60  4:34  Zergling x12  
  63  4:47  Queen  
  63  4:52  Lair  
  64  4:54  Drone  
  64  4:55  Overlord x3  
  65  5:02  Overlord  
  65  5:03  Overlord  
  65  5:11  Queen  
  65  5:13  Roach x4  
  73  5:20  Roach x3  
  74  5:24  Roach x2  
  78  5:29  Roach x2  
  78  5:34  Ravager  
  82  5:43  Ravager  
  82  5:44  Ravager x2  
  82  5:45  Roach  
  84  5:59  Roach x3  
  84  6:00  Roach x2  
  94  6:08  Drone x3  
  94  6:09  Drone  
  97  6:16  Drone x3  
  100  6:19  Glial Reconstitution  
  100  6:22  Drone x3  
  100  6:25  Hatchery  
  102  6:28  Ravager x2  
  102  6:30  Drone  
  102  6:32  Drone, Extractor  
  105  6:33  Extractor  
  104  6:40  Drone  
  104  6:41  Overlord  
  104  6:42  Overlord x3  
  105  6:51  Drone  
  106  7:01  Drone x3  
  106  7:02  Drone  
  106  7:03  Drone  
  106  7:04  Drone x4, Extractor  
  106  7:05  Drone  
  115  7:11  Hatchery  
  115  7:14  Overlord  
  114  7:16  Overseer  
  114  7:19  Roach x3  
  114  7:20  Roach  
  122  7:35  Drone x3  
  122  7:36  Drone x3  
  128  7:52  Drone x9  
  128  7:56  Queen  
  139  8:02  Evolution Chamber  
  139  8:04  Overlord x2  
  135  8:05  Evolution Chamber  
  135  8:06  Roach x2  
  135  8:07  Roach x4  
  135  8:09  Ravager x5  
  151  8:15  Overlord  
  151  8:16  Overlord x2  
  151  8:28  Zerg Missile Weapons Level 1  
  151  8:35  Zerg Ground Armor Level 1  
  151  8:38  Hatchery  
  145  8:59  Roach x12  
  154  9:07  Roach x13  
  154  9:09  Drone  
  177  9:10  Drone  
  173  9:18  Overlord x2  
  173  9:22  Extractor  
  171  9:25  Queen  
  171  9:26  Queen  
  175  9:37  Roach  
  175  9:38  Roach x6  
  183  9:39  Overlord  
  183  9:44  Hydralisk Den  
  177  9:56  Drone  
  177  9:57  Drone x7  
  173  10:14  Roach  
  173  10:15  Roach x8  
  148  10:29  Roach x7  
  148  10:33  Hydralisk  
  148  10:34  Hydralisk  
  160  10:41  Roach x3  
  166  10:44  Ravager x2  
  162  10:52  Drone x6  
  162  10:55  Drone x5  
  173  11:01  Roach x3  
  159  11:14  Roach x2  
  159  11:15  Roach x6  
  139  11:20  Roach x2  
  135  11:28  Drone x5, Queen  
  142  11:33  Drone x4  
  146  11:45  Roach x7  
  160  11:48  Muscular Augments  
  160  11:51  Ravager x7  
  160  11:52  Ravager  
  160  11:53  Ravager x2  
  160  11:54  Ravager x3  
  172  11:55  Ravager x2  
  175  12:03  Queen  
  175  12:06  Extractor  
  175  12:07  Roach x6  
  188  12:12  Drone x2  
  188  12:13  Drone x3  
  183  12:17  Drone  
  183  12:18  Drone x4  
  178  12:32  Drone x5  
  183  12:44  Hydralisk x7  
  197  12:52  Zerg Ground Armor Level 2, Zerg Missile Weapons Level 2  
  197  13:01  Hydralisk  
  197  13:03  Drone  
  200  13:05  Extractor  
  200  13:11  Hatchery  
  171  13:22  Roach x13  
  171  13:23  Roach  
  171  13:25  Hydralisk  
  171  13:26  Hydralisk  
  167  13:49  Roach x13  
  167  13:50  Roach x5  
  159  13:59  Drone x9  
  156  14:05  Roach x3  
  162  14:10  Hydralisk x2  
  162  14:15  Ravager x6  
  162  14:16  Ravager x2  
  174  14:19  Drone  
  174  14:20  Drone x2  
  177  14:26  Spire  
  177  14:30  Drone x4  
  179  14:38  Roach x5  
  169  14:50  Roach x8  
  173  14:56  Roach  
  173  14:57  Roach x3  
  177  15:07  Drone x2  
  177  15:08  Drone  
  178  15:14  Drone x3  
  178  15:19  Hatchery  
  180  15:25  Hatchery  
  180  15:27  Roach  
  180  15:28  Roach x3  
  187  15:34  Drone  
  187  15:35  Drone x4  
  189  15:40  Corruptor  
  191  15:45  Roach x3  
  187  15:59  Roach x7  
  181  16:12  Drone x2  
  181  16:13  Drone x3  
  181  16:15  Ravager x8  
  181  16:16  Overlord x3, Ravager x2  
  196  16:32  Hydralisk x2  
  200  17:07  Queen  
  199  17:17  Burrow  
  198  17:24  Hatchery, Hydralisk  
  198  17:29  Spine Crawler  
  164  17:47  Roach x9  
  164  17:48  Roach x9  
  164  17:58  Roach x11  
  171  18:01  Roach  
  171  18:02  Roach x5  
  173  18:09  Infestation Pit  
  173  18:12  Hydralisk x3  
  170  18:13  Hydralisk x4  
  170  18:14  Queen  
  170  18:15  Queen  
  188  18:22  Ravager x3  
  188  18:23  Ravager x3  
  188  18:26  Extractor  
  193  18:28  Extractor  
  192  18:36  Hatchery, Hydralisk x2  
  195  18:42  Hatchery, Extractor  
  195  18:44  Extractor, Zergling x16  
  200  19:02  Roach x8  
  200  19:03  Roach x2  
  200  19:08  Extractor  
  199  19:10  Extractor  
  198  19:20  Hydralisk  
  200  19:25  Extractor  
  200  19:26  Extractor  
  186  19:40  Hydralisk x8  
  198  19:45  Hatchery  
  198  19:48  Roach Warren  
  169  20:04  Hydralisk x7  
  140  20:16  Hydralisk  
  140  20:18  Zergling x16  
  143  20:25  Drone  
  143  20:26  Drone x3  
  144  20:44  Drone x7  
  144  20:47  Drone x5  
  144  20:48  Drone x4  
  154  21:02  Roach x6  
  146  21:12  Hydralisk Den  
  141  21:27  Roach  
  141  21:28  Roach x3  
  148  21:36  Hatchery  
  141  21:46  Roach x3  
  138  21:49  Zergling x10  
  138  21:50  Zergling x6  
  97  22:03  Zergling x2  
  97  22:04  Zergling x8  
  75  22:10  Zergling x2  
  75  22:12  Drone x3  
  79  22:17  Drone  
  79  22:18  Drone x2  
  79  22:22  Drone x3  
  85  22:30  Overlord  
  85  22:32  Drone  
  86  22:42  Drone x4  
  85  22:55  Roach x4  
  89  23:09  Roach x4  
  96  23:20  Ravager x2  
  95  23:31  Hatchery  
  95  23:34  Zergling x10  
  91  23:40  Extractor x2  
  92  23:53  Hatchery, Drone x6  
  92  23:55  Drone  
  98  24:05  Hydralisk x3  
  105  24:14  Hatchery  
  105  24:15  Ravager  
  105  24:16  Ravager  
  105  24:20  Roach Warren  
  85  24:30  Ravager  
  85  24:31  Roach x2  
  85  24:34  Drone x2  
  85  24:35  Drone x3  
Show
View Real Time Build Order
Export as new Build Order

Ailee Terran - Winner!

Build Orders: Liberator Opening, Reaper Expand, Bio Tank, MMM Bio 

Get SALT Encoding   

  12  0:01  SCV  
  13  0:13  SCV  
  14  0:18  Supply Depot  
  14  0:25  SCV  
  15  0:39  SCV  
  15  0:42  Barracks  
  16  0:46  Refinery  
  16  0:51  SCV  
  17  1:04  SCV  
  18  1:16  SCV  
  19  1:29  Orbital Command  
  19  1:30  Reaper  
  20  1:44  Command Center  
  20  1:52  Supply Depot  
  20  1:58  SCV  
  21  2:02  Reaper  
  22  2:09  Refinery  
  22  2:10  SCV  
  23  2:22  SCV  
  24  2:24  Factory  
  24  2:34  SCV  
  25  2:39  Barracks Reactor  
  25  2:46  SCV  
  26  2:54  Command Center  
  26  2:59  Orbital Command  
  26  3:07  SCV  
  27  3:14  Starport  
  27  3:22  Hellion  
  27  3:25  Barracks Tech Lab  
  29  3:28  Hellion  
  31  3:36  SCV  
  31  3:37  SCV  
  33  3:43  Marine, Liberator  
  33  3:44  Stimpack  
  33  3:46  Hellion  
  36  3:48  SCV  
  36  3:52  Hellion  
  36  3:54  SCV  
  40  4:02  SCV  
  44  4:06  SCV  
  45  4:11  Hellion  
  45  4:16  Supply Depot, Hellion  
  49  4:18  SCV  
  49  4:20  Orbital Command  
  49  4:23  SCV  
  51  4:25  Liberator  
  51  4:30  SCV  
  52  4:37  Hellion  
  52  4:38  Hellion  
  56  4:39  SCV  
  60  4:46  SCV  
  60  4:50  Marine  
  62  4:53  Engineering Bay x2  
  62  4:55  Supply Depot, SCV  
  62  4:58  SCV  
  62  4:59  Refinery  
  64  5:00  SCV  
  65  5:07  SCV  
  65  5:10  SCV  
  65  5:12  SCV  
  65  5:14  Factory Reactor  
  68  5:19  SCV  
  69  5:25  Barracks  
  69  5:26  SCV  
  69  5:27  Barracks  
  69  5:28  Barracks  
  68  5:29  SCV  
  68  5:31  Refinery  
  68  5:33  SCV  
  70  5:36  Supply Depot  
  70  5:37  Supply Depot  
  70  5:38  SCV  
  70  5:41  SCV  
  72  5:45  Marine  
  72  5:46  SCV  
  74  5:50  SCV  
  74  5:55  SCV  
  74  5:57  Terran Infantry Armor Level 1  
  74  5:58  Combat Shields  
  74  6:00  Supply Depot, Starport Reactor  
  74  6:01  Supply Depot, SCV  
  74  6:02  SCV  
  74  6:07  Orbital Command  
  74  6:10  Factory Tech Lab  
  71  6:13  Marauder  
  71  6:14  Bunker  
  73  6:22  Terran Infantry Weapons Level 1, Marine  
  73  6:23  Marine  
  73  6:25  Supply Depot  
  75  6:32  Marine  
  75  6:33  Marine  
  75  6:34  Siege Tank, Marine  
  75  6:37  Medivac  
  75  6:38  Supply Depot, Medivac  
  75  6:39  Barracks x2  
  85  6:40  Marine  
  85  6:41  SCV x2  
  85  6:43  SCV  
  89  6:53  SCV x2  
  91  6:55  SCV, Bunker, Marine x2  
  91  6:56  Marine  
  91  6:57  Marine  
  96  7:03  Armory, Marine  
  96  7:05  SCV x2, Supply Depot  
  96  7:07  Medivac  
  101  7:10  Medivac  
  101  7:13  Marine x2  
  105  7:19  Marine x2  
  105  7:21  Marine  
  108  7:24  Refinery  
  109  7:31  Barracks Reactor x2, Siege Tank, Marine x2  
  109  7:36  Marine  
  112  7:38  Barracks x2  
  112  7:39  Barracks  
  112  7:41  Marine, Marauder  
  115  7:46  Medivac x2  
  115  7:47  SCV  
  115  7:49  Marine x2  
  115  7:50  Supply Depot  
  122  7:54  Marine  
  123  7:59  Marine  
  123  8:03  Siege Tank, Marauder  
  129  8:06  Marine  
  129  8:07  Marine  
  129  8:12  Marine  
  131  8:13  Supply Depot, Marine, Starport, Liberator  
  131  8:15  Supply Depot, Fusion Core  
  131  8:16  Concussive Shells  
  133  8:32  Marine x3  
  133  8:33  Marauder  
  141  8:35  Marine x5  
  141  8:36  Siege Tank  
  141  8:37  Barracks Tech Lab x2  
  141  8:39  Barracks Reactor  
  149  8:44  Supply Depot  
  149  8:51  Marine x3  
  149  8:54  Marauder  
  150  8:58  Medivac  
  150  8:59  Marauder, Marine x2  
  152  9:04  Starport Tech Lab  
  152  9:08  Siege Tank  
  154  9:15  Marauder  
  154  9:16  Marine x3  
  154  9:17  Marauder, Marine x4  
  154  9:18  Marine  
  154  9:21  Marine x2, Marauder  
  161  9:34  Marine x3  
  161  9:36  Marine  
  165  9:49  Supply Depot  
  165  9:50  Liberator  
  165  10:01  Terran Infantry Armor Level 2  
  165  10:02  Marauder x2, Terran Infantry Weapons Level 2, Marine x4  
  165  10:04  Marauder, Siege Tank, Marine x2  
  168  10:19  Marine x3  
  168  10:20  Marine x2  
  161  10:24  Marine x2, Marauder  
  161  10:25  Marine  
  161  10:27  Marine x2  
  152  10:36  Siege Tank  
  152  10:37  Marine x2  
  152  10:40  Marauder, Marine x2  
  152  10:42  Command Center  
  150  11:11  Marauder, Marine x2  
  134  11:12  Marauder  
  134  11:14  Marine x2  
  134  11:15  Marauder, Marine x6  
  123  11:24  Siege Tank  
  116  11:27  Medivac  
  116  11:28  Marine  
  116  11:29  Marine, Liberator  
  116  11:30  Liberator  
  116  11:32  Marauder, Marine x3  
  123  11:33  Marauder, Marine x4  
  123  11:39  Marauder, Marine  
  134  11:46  Marine  
  141  11:57  Marine x3  
  141  11:58  Marauder  
  141  11:59  Marine  
  147  12:02  Marine  
  147  12:07  Marauder, Marine  
  151  12:14  Marauder, Marine x2  
  155  12:20  Liberator  
  155  12:21  Marine x2  
  155  12:22  Marauder  
  157  12:27  Liberator  
  157  12:28  Marauder  
  157  12:29  Planetary Fortress, Liberator  
  154  12:31  Marine  
  149  12:39  Marine  
  157  12:55  Command Center  
  153  12:58  Marine x2  
  153  12:59  Marauder, Marine x3  
  153  13:01  Marauder  
  153  13:03  Marine  
  153  13:05  Marauder, Marine x2  
  166  13:12  Liberator  
  165  13:17  Marine x4  
  165  13:18  Marine  
  165  13:19  Marine x2  
  145  13:20  Marine, Marauder  
  145  13:23  Marine x2, Marauder  
  141  13:27  Marauder  
  141  13:35  Marine x5  
  141  13:36  Marine  
  141  13:40  Marine x2  
  141  13:41  Marauder, Marine x2  
  140  13:44  Medivac, Marauder  
  142  13:49  Marauder  
  142  13:53  Marine x2  
  135  13:58  Marine x3  
  135  14:03  Marauder, Marine x4  
  135  14:04  Marine  
  135  14:05  Marauder  
  142  14:10  Marine x2  
  142  14:14  Marine  
  142  14:16  Medivac, Marine x2  
  147  14:21  Marine  
  148  14:24  Marauder  
  148  14:27  Marauder  
  148  14:28  Marauder, Marine x2  
  148  14:29  Marine  
  157  14:42  Marine x2  
  157  14:43  Marine x5  
  159  14:46  Marine, Marauder  
  159  14:48  Marauder, Marine  
  159  14:49  Marauder  
  151  14:55  Marine  
  142  15:00  Marine x2  
  142  15:06  Marine  
  147  15:07  Marauder  
  147  15:10  Marauder  
  147  15:11  Marauder  
  150  15:15  Marine  
  150  15:16  Marine x4  
  150  15:21  Marine x4  
  161  15:28  Marauder  
  161  15:31  Marauder  
  161  15:32  Marauder  
  161  15:34  Marine  
  161  15:35  Marine x5  
  170  15:39  Marine x2  
  173  15:44  Planetary Fortress  
  174  15:50  Marauder  
  174  15:56  Marauder, Marine x2  
  167  16:01  Marauder, Marine x2  
  167  16:02  Marine  
  167  16:03  Marine  
  158  16:05  Liberator x2  
  158  16:07  Liberator, Marine x2  
  158  16:09  Marine  
  163  16:11  Marauder  
  163  16:18  Marauder  
  165  16:23  Marauder  
  170  16:27  Marine x2  
  170  16:28  Marine  
  170  16:29  Marine  
  176  16:32  Marauder  
  176  16:35  Terran Infantry Weapons Level 3  
  176  16:43  Marine x3  
  176  16:44  Marine x2  
  183  16:47  Liberator  
  183  16:48  Liberator, Marine x2  
  183  16:52  Marine x2  
  178  16:54  Marauder  
  167  17:01  Marine x3  
  167  17:02  Marauder, Marine  
  167  17:07  Marine x2  
  167  17:08  Marauder  
  179  17:15  Marauder  
  179  17:19  Marine x3  
  179  17:21  Marine x2  
  179  17:22  Medivac  
  186  17:23  Marauder  
  186  17:27  Marine x3  
  186  17:29  Marauder  
  193  17:37  Marauder  
  189  17:39  Marine x2  
  160  17:45  Marine, Marauder  
  160  17:46  Marine x7  
  160  17:50  Marauder  
  125  17:57  Marine x2  
  125  17:58  Marauder  
  117  18:03  Marine  
  116  18:06  Marine  
  116  18:07  Marine x3  
  124  18:16  Medivac x2, Marine x2  
  124  18:17  Medivac  
  124  18:19  Marauder  
  130  18:21  Command Center, Marauder  
  130  18:22  Marine  
  130  18:23  Marine  
  136  18:29  Marine x3  
  136  18:30  Marine  
  136  18:31  Marauder  
  136  18:34  Marine  
  140  18:41  Marauder  
  142  18:43  Marine x2, Marauder  
  142  18:44  Marine x2  
  142  18:46  Medivac  
  150  18:52  Marauder  
  149  18:58  Marine x2  
  149  18:59  Marine x3  
  149  19:02  Marauder  
  148  19:03  Marine x4  
  148  19:04  Marauder  
  148  19:05  Marine  
  155  19:12  Medivac x2  
  155  19:13  Marauder  
  155  19:16  Marine  
  162  19:21  Marine x2  
  162  19:23  Marauder  
  166  19:26  Marine, Marauder  
  166  19:27  Marine x4  
  166  19:29  Marine  
  174  19:33  Marine  
  174  19:34  Marine x2  
  177  19:39  Marine  
  178  19:49  Marine x3  
  180  19:53  Marine  
  180  19:54  Marine  
  155  20:02  Marine x4  
  124  20:07  Marine  
  124  20:08  Marine  
  124  20:09  Marine  
  123  20:21  Marine x2  
  122  20:28  Marine x2  
  123  20:41  Marine x3  
  126  20:43  Marine x2  
  128  20:51  Refinery x2  
  115  21:06  Marine x2  
  115  21:09  Marine x3  
  116  21:12  Marine x3  
  119  21:23  Marine x3  
  119  21:25  Marine x2  
  121  21:26  Marine  
  121  21:28  Marine x2  
  121  21:29  Marauder  
  125  21:36  Refinery  
  125  21:37  Refinery  
  124  21:40  Marine x2  
  124  21:41  Marine x3  
  124  21:42  Marauder, Marine  
  124  21:44  Marine  
  124  21:45  Marauder  
  129  21:47  Marine x2  
  107  22:03  Marauder, Marine x3  
  107  22:08  Marauder, Marine x2  
  106  22:13  Marauder, Marine  
  108  22:25  Marauder  
  108  22:28  Marine  
  108  22:29  Marine x3  
  113  22:30  Marauder  
  113  22:37  Marine  
  116  22:46  Marauder  
  116  22:47  Marine  
  116  22:49  Marine  
  116  22:50  Marine x3  
  115  23:18  Marine x4  
  115  23:19  Marauder  
  121  23:22  Marine  
  121  23:24  Marine  
  121  23:35  Marauder  
  123  23:49  Marauder, Marine  
  123  23:50  Marine x2  
  123  23:54  Marine  
  123  23:55  Marine  
  130  24:02  Marine  
  130  24:03  Marauder  
  131  24:24  Marine x3  
  131  24:25  Marauder  
  131  24:27  Marauder  
Tags
 
Add a new tag
Caveats
  • Supply blocks, unpowered buildings, or Contaminate may cause inaccurate times.
  • Supply counts are checked every 10 seconds.